 Dungeon Crawl Stone Soup version 0.24.0-13-gcf9b3192b9 (webtiles) character file.

Game seed: 14253487480495707576, levelgen mode: deterministic

22324 Delamore the Severer (level 12, -2/100 HPs)
             Began as a Hill Orc Monk on Nov 5, 2019.
             Was a High Priest of Beogh.
             Shot with a bolt by a yaktaur (24 damage)
             ... on level 12 of the Dungeon.
             The game lasted 01:09:02 (18843 turns).

Delamore the Severer (Hill Orc Monk)               Turns: 18843, Time: 01:09:04

Health: -2/100     AC: 14    Str: 22    XL:     12   Next: 99%
Magic:  11/13      EV:  7    Int: 10    God:    Beogh [*****.]
Gold:   1061       SH: 22    Dex: 22    Spells: 11/11 levels left

rFire    . . .     SeeInvis .   m - +0 broad axe (drain)
rCold    + . .     Gourm    .   Q - +1 large shield of Card Tricks {+Blink rPois}
rNeg     . . .     Faith    +   U - +0 chain mail "Eqies" {rC+ rCorr Dex+6}
rPois    +         Spirit   .   i - +2 hat
rElec    .         Reflect  .   N - +0 cloak {MR+}
rCorr    +         Harm     .   R - +1 pair of gloves {Dex+3}
MR       ++...                  (no boots)
Stlth    ..........             v - amulet of faith
HPRegen  0.26/turn              P - +3 ring of strength
MPRegen  0.13/turn              w - ring of protection from magic

@: no status effects
A: walk on water
a: Smiting, Recall Orcish Followers, Give Item to Named Follower, Renounce
Religion, Evoke Blink


You were on level 12 of the Dungeon.
You worshipped Beogh.
Beogh was extremely pleased with you.
You were not hungry.

You visited 2 branches of the dungeon, and saw 15 of its levels.
You also visited: Bailey.

You collected 1061 gold pieces.

Inventory:

Hand Weapons
 m - a +0 broad axe of draining (weapon)
Missiles
 g - 65 poisoned darts (quivered)
Armour
 i - a +2 hat (worn)
 J - a +1 leather armour of fire resistance
 N - a +0 cloak of magic resistance (worn)
 Q - the +1 large shield of Card Tricks (worn) {+Blink rPois}
   (You found it on level 10 of the Dungeon)

   It protects you from poison.
   It lets you blink.
 R - a +1 pair of gloves of dexterity (worn)
 U - the +0 chain mail "Eqies" (worn) {rC+ rCorr Dex+6}
   (You found it in a bailey)

   It affects your dexterity (+6).
   It protects you from cold.
   It provides partial protection from all sources of acid and corrosion.
Jewellery
 t - an uncursed ring of ice
 v - an amulet of faith (around neck)
 w - a ring of protection from magic (right hand)
 E - an uncursed amulet of the gourmand
 I - an uncursed ring of resist corrosion
 P - a +3 ring of strength (left hand)
Wands
 e - a wand of paralysis (4)
 o - a wand of iceblast (16)
 x - a wand of random effects (29)
 y - a wand of digging (8)
 B - a wand of flame (19)
 T - a wand of disintegration (14)
 V - a wand of polymorph (2)
Scrolls
 b - a scroll of identify
 f - 5 scrolls of teleportation
 j - 6 scrolls of remove curse
 k - 2 scrolls of blinking
 l - 2 scrolls of magic mapping
 n - 2 scrolls of noise
 p - a scroll of fog {unknown}
 s - a scroll of random uselessness {unknown}
 A - a scroll of amnesia {unknown}
 C - 5 scrolls of enchant weapon
 G - 3 scrolls of immolation {unknown}
 L - a scroll of fear {unknown}
Potions
 d - a potion of invisibility {unknown}
 q - a potion of resistance
 r - 2 potions of agility
 u - a potion of might
 D - 3 potions of mutation
 F - 3 potions of brilliance
 K - 3 potions of flight
 O - 3 potions of curing
Miscellaneous
 a - a fan of gales
 h - a crystal ball of energy
 H - a lightning rod (4/4)
Comestibles
 c - 13 rations
 z - 7 chunks of flesh


   Skills:
 + Level 7.2 Fighting
 * Level 16.6 Axes
 - Level 2.1 Throwing
 - Level 3.3 Armour
 - Level 2.4 Dodging
 - Level 1.5 Stealth
 + Level 15.5 Shields
 - Level 2.6 Invocations
 - Level 1.5 Evocations


You had 11 spell levels left.
You didn't know any spells.
Your spell library contained the following spells:

 Spells                   Type           Power        Failure   Level  Hunger
 Beastly Appendage        Tmut           #.....       100%        1    ##.....
 Confusing Touch          Hex            #.....       100%        1    ##.....
 Sticks to Snakes         Tmut           #.......     100%        2    ###....
 Confuse                  Hex            #.......     100%        3    ####...
 Gell's Gravitas          Tloc           #.........   100%        3    ####...
 Spider Form              Tmut/Pois      #.........   100%        3    ####...
 Ice Form                 Ice/Tmut       #.......     100%        4    #####..
 Petrify                  Tmut/Erth      #.......     100%        4    #####..
 Blade Hands              Tmut           #.........   100%        5    ######.
 Irradiate                Conj/Tmut      #.........   100%        5    ######.
 Metabolic Englaciation   Hex/Ice        #.........   100%        5    ######.
 Yara's Violent Unravell  Hex/Tmut       #.........   100%        5    ######.
 Hydra Form               Tmut           #.........   100%        6    #######
 Statue Form              Tmut/Erth      #........    100%        6    #######
 Dragon Form              Tmut           #.........   100%        7    #######


Dungeon Overview and Level Annotations

Branches:
Dungeon (14/15)            Temple (1/1) D:6            Lair (0/6) D:8
 Vaults (0/5) D:14         Bailey (visited)
    Orc: D:9-12

Altars:
Ashenzari
Cheibriados
Dithmenos
Elyvilon
Fedhas
Gozag
Hepliaklqana
Kikubaaqudgha
Makhleb
Okawaru
Qazlal
Ru
Trog
Uskayaw
Vehumet
Wu Jian
Yredelemnul
Zin
The Shining One
Beogh

Shops:
D:5 =:   D:7 (   D:8 *

Annotations:
D:5 exclusion: statue
D:7 Blork the orc


Message History

Jorge is recalled.
Nordag is recalled.
You block the death yak's attack.
Ogrik is recalled.
Harm is recalled.
The yaktaur shoots a bolt.
You block the bolt.
A yaktaur comes into view.
Nordag roars a battlecry!
Your orc knights go into a battle-frenzy!
You see here a bolt.
You slash the death yak!
The death yak is severely wounded.
Oruk is recalled.
You finish recalling your allies.
The yak seems less drained.
You slash the death yak! You drain the death yak.
The death yak is almost dead.
The yak seems less drained.
You block the death yak's attack.
Jorge hits the death yak with a +6 dagger.
The death yak dies!
Beogh accepts your kill.
The yaktaur shoots a bolt.
The bolt hits you!!
You die...

#....≈...#
#.≈≈≈≈Y..#
#....≈...#
#≈≈Y)YY
#....≈...###≈c..
#....≈≈.....≈Y#
#.....≈.....†H#
#.....≈≈....Y.#
#......≈..cYo.#
#......≈≈.....#
#......o≈@oo..#
#.......≈.....#
#.......≈...o.#
#.......≈.....#
#.......≈.....#
###############


You could see a minotaur, 2 yaktaurs, 4 yaks, the friendly Jorge the orc knight,
the friendly Nordag the orc knight, the friendly Ogrik the orc knight, the
friendly Harm the orc priest and the friendly Oruk the orc priest.

Vanquished Creatures
  Nessos (D:14)
  The ghost of Curus the Spear-Bearer, a journeyman MiFi of Qazlal (D:10)
  Harold (D:8)
  A tengu warrior (D:14)
  A death yak (D:12)
  Blork the orc (D:7)
  An unseen horror (D:10)
  An ugly thing (D:11)
  A cyclops (D:13)
  An elephant (D:8)
  A yaktaur (D:12)
  A kobold demonologist (D:14)
  A troll (D:14)
  2 meliai zombies
  3 hippogriffs
  Sigmund (D:3)
  A wraith (D:14)
  3 yaks (D:12)
  2 hungry ghosts
  3 vampire mosquitoes (D:13)
  An orc warrior (D:10)
  An ice beast (D:5)
  A phantom (D:6)
  2 sky beasts
  4 ogres
  A centaur (D:8)
  A crocodile (D:12)
  3 big kobolds
  2 bullfrogs
  A gnoll sergeant (D:11)
  3 scorpions
  5 wights
  6 killer bees
  A howler monkey (D:13)
  3 electric eels
  3 crimson imps
  A quasit (D:10)
  2 hounds
  A jelly (D:9)
  3 centaur skeletons
  Terence (D:3)
  An iguana (D:8)
  Ijyb (D:3)
  5 orc wizards
  3 worker ants
  A hound zombie (D:9)
  Robin (D:3)
  14 gnolls
  14 adders
  A shadow imp (D:13)
  A worm (D:2)
  3 dart slugs
  4 leopard geckos
  10 orcs
  2 ball pythons (D:3)
  8 bats
  5 giant cockroaches
  15 goblins
  11 hobgoblins
  14 jackals
  15 kobolds
  3 quokkas
  4 frilled lizards
  A leopard gecko zombie (D:6)
  A quokka skeleton (D:6)
  3 rats
215 creatures vanquished.

Vanquished Creatures (collateral kills)
  Agnes (D:14)
  A hydra (D:13)
  A centaur warrior (D:13)
  A two-headed ogre (D:11)
  A tengu warrior (D:14)
  A death knight (D:14)
  A death yak (D:12)
  2 skeletal warriors (D:14)
  An unseen horror (D:14)
  A wizard (D:13)
  An ugly thing (D:12)
  4 manticores
  2 centaur zombies
  A freezing wraith (D:14)
  2 gargoyles
  3 kobold demonologists
  4 yaktaurs (D:12)
  2 trolls (D:14)
  2 hippogriffs
  A wyvern (D:13)
  2 water elementals
  A vampire (D:14)
  A basilisk (D:8)
  2 yaks (D:12)
  2 hungry ghosts
  5 vampire mosquitoes (D:13)
  A soldier ant (D:10)
  4 orc warriors
  2 sky beasts
  2 ice beasts
  An eye of draining (D:13)
  3 phantoms
  2 ogres
  3 centaurs
  A crocodile (D:8)
  7 bullfrogs
  2 big kobolds
  3 scorpions
  9 killer bees
  3 electric eels
  7 wights
  4 crimson imps
  A bullfrog zombie (D:12)
  A hound (D:10)
  A jelly (D:12)
  A gnoll shaman (D:7)
  An orc priest (D:4)
  An orc wizard (D:10)
  3 iguanas
  Natasha (thrice) (D:4)
  5 worker ants
  A mummy (D:6)
  A worker ant zombie (D:6)
  2 adders
  16 gnolls
  An ooze (D:4)
  12 orcs
  A giant cockroach (D:4)
  3 goblins
  6 hobgoblins
  A jackal (D:7)
  19 kobolds
  3 quokkas
183 creatures vanquished.

Vanquished Creatures (others)
  An orc knight (D:12)
  An orc sorcerer (D:11)
  10 orc wizards
  4 orc priests
  4 orc warriors
  A gnoll (D:12)
  44 orcs
65 creatures vanquished.

Grand Total: 463 creatures vanquished

Notes
Turn   | Place    | Note
-------+----------+-------------------------------------------
     0 | D:1      | Delamore the Hill Orc Monk began the quest for the Orb.
     0 | D:1      | Reached XP level 1. HP: 19/19 MP: 1/1
    84 | D:1      | Reached XP level 2. HP: 20/26 MP: 2/2
   216 | D:1      | Reached skill level 5 in Axes
   492 | D:1      | Reached XP level 3. HP: 31/31 MP: 3/3
  1100 | D:2      | Reached skill level 1 in Armour
  1431 | D:1      | Reached skill level 1 in Shields
  1431 | D:1      | Reached XP level 4. HP: 39/39 MP: 4/4
  1589 | D:2      | Reached skill level 6 in Axes
  1896 | D:2      | Became a worshipper of Beogh the Brigand
  1896 | D:2      | Reached * piety under Beogh
  1896 | D:2      | Reached ** piety under Beogh
  1968 | D:2      | Reached XP level 5. HP: 42/45 MP: 5/5
  2483 | D:2      | Found a shadowy altar of Dithmenos.
  2483 | D:2      | Found a basalt altar of Yredelemnul.
  2483 | D:2      | Found an ornate altar of the Wu Jian Council.
  2493 | D:2      | Found an ancient bone altar of Kikubaaqudgha.
  2497 | D:2      | Found a bloodstained altar of Trog.
  2961 | D:3      | Noticed Ijyb
  2981 | D:3      | Killed Ijyb
  2981 | D:3      | Reached XP level 6. HP: 21/51 MP: 6/6
  3025 | D:3      | Noticed Terence
  3040 | D:3      | Killed Terence
  3164 | D:3      | Noticed Robin
  3186 | D:3      | Reached skill level 7 in Axes
  3215 | D:3      | Killed Robin
  3215 | D:3      | Reached *** piety under Beogh
  3273 | D:3      | Noticed Sigmund
  3301 | D:3      | Killed Sigmund
  3301 | D:3      | Reached XP level 7. HP: 38/57 MP: 7/7
  3413 | D:3      | Found a white marble altar of Elyvilon.
  3613 | D:3      | Found a hide-covered altar of Uskayaw.
  3949 | D:4      | Noticed Blork the orc
  4134 | D:4      | Noticed Natasha
  4141 | D:4      | Reached skill level 8 in Axes
  4146 | D:4      | Killed Natasha
  4238 | D:4      | Noticed Natasha
  4243 | D:4      | Killed Natasha
  4417 | D:4      | Found a shattered altar of Ashenzari.
  4474 | D:4      | Noticed Natasha
  4484 | D:4      | Killed Natasha
  4786 | D:5      | Entered Level 5 of the Dungeon
  5153 | D:5      | Reached skill level 5 in Shields
  5168 | D:5      | Found Elloh's Jewellery Emporium.
  5228 | D:5      | Reached skill level 9 in Axes
  5236 | D:5      | Reached XP level 8. HP: 64/64 MP: 8/8
  5526 | D:5      | Found a radiant altar of Vehumet.
  5682 | D:5      | Found Qazehoum's Book Shoppe.
  6036 | D:6      | Found a hazy altar of Hepliaklqana.
  6106 | D:6      | Found a staircase to the Ecumenical Temple.
  6122 | D:6      | Found an opulent altar of Gozag.
  6167 | D:6      | Found a snail-covered altar of Cheibriados.
  6582 | D:6      | Reached skill level 10 in Axes
  6874 | D:6      | Reached **** piety under Beogh
  6990 | Temple   | Entered the Ecumenical Temple
  7275 | D:7      | Reached XP level 9. HP: 68/70 MP: 9/9
  7297 | D:7      | Your ally died
  7424 | D:7      | Found Efacim's Antique Weapon Boutique.
  7983 | D:7      | Reached skill level 11 in Axes
  8311 | D:8      | Noticed Harold
  8358 | D:8      | Killed Harold
  8358 | D:8      | Reached skill level 10 in Shields
  8715 | D:8      | Found a staircase to the Lair.
  8715 | D:8      | Noticed an elephant
  8717 | D:8      | Reached skill level 12 in Axes
  8717 | D:8      | Reached skill level 1 in Invocations
  8739 | D:8      | Killed an elephant
  8739 | D:8      | Reached XP level 10. HP: 40/77 MP: 2/11
  9165 | D:8      | Found Irey's Demolitions Depot.
 10260 | D:9      | Reached skill level 13 in Axes
 10437 | D:9      | Reached ***** piety under Beogh
 10448 | D:9      | Gained Ugbert as an ally
 10908 | D:10     | Entered Level 10 of the Dungeon
 11208 | D:10     | Reached skill level 1 in Throwing
 11220 | D:10     | Noticed a gargoyle
 11225 | D:10     | Killed a gargoyle
 11289 | D:10     | Reached skill level 1 in Evocations
 11367 | D:10     | Killed an unseen horror
 11367 | D:10     | Reached XP level 11. HP: 78/82 MP: 12/12
 11757 | D:10     | Found a runed translucent gate.
 11757 | D:10     | Found a runed translucent gate.
 11761 | D:10     | Found a runed translucent gate.
 11762 | D:10     | Noticed Curus's ghost (journeyman MiFi)
 11765 | D:10     | Found a roughly hewn altar of Beogh.
 11766 | D:10     | Identified the cursed +3 great sword of the Hall of Blades
                  | {venom, *Rage Dex+3 Stlth+}
 11795 | D:10     | Killed Curus's ghost
 12013 | D:10     | Got a shimmering large shield
 12188 | D:10     | Noticed an orc knight
 12778 | D:11     | Reached skill level 14 in Axes
 12793 | D:11     | Gained Ogrik as an ally
 12815 | D:11     | Noticed a two-headed ogre
 12822 | D:11     | Your ally Ugbert died
 12823 | D:11     | Killed a two-headed ogre
 13383 | D:11     | Identified the +1 large shield of Card Tricks {+Blink
                  | rPois} (You found it on level 10 of the Dungeon)
 13383 | D:11     | Noticed a manticore
 13393 | D:11     | Killed a manticore
 13724 | D:11     | Noticed a cyan ugly thing
 13764 | D:11     | Killed a cyan ugly thing
 14023 | D:11     | You fall into a shaft and drop 2 floors!
 14089 | D:13     | Noticed a centaur warrior
 14089 | D:13     | Noticed an eight-headed hydra
 14214 | D:13     | Found a flagged portal.
 14224 | Bailey   | Entered a bailey
 14269 | Bailey   | Found an iron altar of Okawaru.
 14296 | Bailey   | Got a heavily runed chain mail
 14307 | Bailey   | Identified the +0 chain mail "Eqies" {rC+ rCorr Dex+6} (You
                  | found it in a bailey)
 14347 | D:13     | Gained Jorge as an ally
 14416 | D:13     | Noticed a wizard
 14426 | D:13     | Killed a wizard
 14860 | D:13     | Noticed a cyclops
 14878 | D:13     | Killed a cyclops
 15753 | D:13     | Killed a 12-headed hydra
 16639 | D:13     | Killed a centaur warrior
 16828 | D:14     | Noticed Nessos
 16832 | D:14     | Noticed a manticore
 16840 | D:14     | Killed Nessos
 16840 | D:14     | Reached skill level 5 in Fighting
 16840 | D:14     | Reached skill level 15 in Axes
 16845 | D:14     | Killed a manticore
 16845 | D:14     | Reached XP level 12. HP: 57/94 MP: 10/13
 16997 | D:14     | Noticed Agnes
 17010 | D:14     | Killed Agnes
 17308 | D:14     | Noticed a death knight
 17322 | D:14     | Killed a death knight
 17350 | D:14     | Reached ****** piety under Beogh
 17637 | D:14     | Noticed a tengu warrior
 17639 | D:14     | Noticed a tengu warrior
 17648 | D:14     | Killed a tengu warrior
 17650 | D:14     | Killed a tengu warrior
 17666 | D:14     | Gained Oruk as an ally
 17708 | D:14     | Reached skill level 15 in Shields
 17723 | D:14     | Found a gate to the Vaults.
 18468 | D:12     | Gained Learuk as an ally
 18469 | D:12     | Reached skill level 16 in Axes
 18482 | D:12     | Noticed a death yak
 18491 | D:12     | Noticed a death yak
 18503 | D:12     | Gained Nordag as an ally
 18504 | D:12     | Your ally Learuk died
 18799 | D:12     | Gained Harm as an ally
 18834 | D:12     | Killed a death yak
 18839 | D:12     | Noticed a minotaur
 18843 | D:12     | Killed a death yak
 18843 | D:12     | Shot with a bolt by a yaktaur

Levels and vault maps discovered:
D:1:      minmay_arrival_four_loops, layout_loops_corners
D:2:      cheibrodos_pilgrimage, layout_basic, minmay_overflow_temple_star_hex
D:3:      layout_rooms, lemuel_crystal_altar, elyvilon_altar_1, uniq_terence,
          uniq_ijyb, uniq_sigmund, uniq_robin
D:4:      layout_gridville, ashenzari_conservatory_becter, first_ration,
          uniq_blork_the_orc, uniq_natasha
D:5:      layout_basic, vehumet_statue, serial_shops, shop,
          kennysheep_little_box
D:6:      layout_loops_corners, slow_altar_1, lemuel_doored_altar,
          minmay_temple_entry_statues_fountains, grunt_gozag_statues
D:7:      layout_basic, serial_corexii_hall, corexii_hall_statues_s,
          corexii_hall_statues_i, serial_shops, nicolae_shop_trees,
          grunt_ogre_cave, minmay_misc_feat_encased
D:8:      layout_gridville, david_lair_generic, nicolae_blasting_shop,
          uniq_harold
D:9:      layout_long_grid, serial_rivers, chequers_serial_rivers_micro_d,
          chequers_serial_rivers_micro_e, chequers_serial_rivers_small_a,
          chequers_serial_rivers_micro_e
D:10:     cheibrodos_orc_bank, layout_cave_pools, biasface_ghost_orc_armoury,
          minmay_fractal_squares_gapless_5
D:11:     layout_basic
D:12:     fort_yaktaur, layout_rooms, uniq_kirke
D:13:     layout_irregular_city, enter_bailey_1
D:14:     layout_loops_ring, david_vaults_1, kennysheep_crisscross, uniq_agnes,
          uniq_nessos
Temple:   nicolae_temple_x_marks_the_god

Skill      XL: |  1  2  3  4  5  6  7  8  9 10 11 12 |
---------------+-------------------------------------+-----
Axes           | 5 6 7 9 10 12 13 15 16 | 16.6
Armour         | 1 2 3 |  3.3
Shields        | 1 2 3 5 7 10 12 14 15 | 15.5
Invocations    | 1 2 |  2.6
Throwing       | 1 2 |  2.1
Evocations     | 1 |  1.5
Fighting       | 5 7 |  7.2
Dodging        | |  2.4
Stealth        | |  1.5

Action                   |  1- 3 |  4- 6 |  7- 9 | 10-12 || total
-------------------------+-------+-------+-------+-------++-------
Melee: Hand axe          |   113 |   310 |   394 |   586 ||  1403
       Broad axe         |       |       |       |   101 ||   101
Throw: Dart              |       |       |     1 |    13 ||    14
Invok: Convert to Beogh  |       |     1 |       |       ||     1
       Smiting           |       |       |     4 |     7 ||    11
       Recall Orcish Fol |       |       |     2 |    17 ||    19
       Give Item to Name |       |       |       |     4 ||     4
       Resurrection      |       |       |       |     1 ||     1
 Abil: Evoke Blink       |       |       |       |     4 ||     4
Evoke: Wand              |       |       |       |    27 ||    27
  Use: Potion            |       |     2 |     2 |     7 ||    11
       Scroll            |       |       |     7 |    12 ||    19
 Stab: Confused          |       |       |     6 |     1 ||     7
       Distracted        |       |       |     3 |     9 ||    12
       Paralysed         |       |       |       |    16 ||    16
  Eat: Chunk             |     1 |     7 |    19 |     8 ||    35
       Ration            |       |       |       |     8 ||     8
Armor: Chain mail        |   101 |   146 |   135 |   233 ||   615
Dodge: Dodged            |    28 |    18 |    36 |    84 ||   166
Block: Large shield      |    60 |   192 |   280 |   634 ||  1166
